 Dungeon Crawl Stone Soup version 0.31-a0-818-ge7c7cf74f0 (webtiles) character file.

Game seed: 14490815305761272504

29 rageheart7 the Trooper (level 3, -2/29 HPs)
             Began as a Demonspawn Gladiator on Sept 22, 2023.
             Slain by an adder (4 damage)
             ... on level 1 of the Dungeon.
             The game lasted 00:01:56 (880 turns).

rageheart7 the Trooper (Demonspawn Gladiator)        Turns: 880, Time: 00:01:58

Health: -2/29      AC:  3    Str: 16    XL:     3   Next: 1%
Magic:  3/3        EV: 12    Int:  9    God:
Gold:   49         SH:  0    Dex: 14    Spells: 2/2 levels left

rFire   . . .        f - +2 short sword (speed)
rCold   . . .        (no shield)
rNeg    . . .        b - +0 leather armour
rPois   .            (helmet restricted)
rElec   .            (no cloak)
rCorr   .            (no gloves)
SInv    .            (no boots)
Will    .....        (no amulet)
Stlth   +            (no ring)
HPRegen 0.24/turn    (no ring)
MPRegen 0.08/turn

%: no passive effects
@: lethally poisoned (-2 -> -4)
A: antennae 1, foul stench 1
a: no special abilities


You were on level 1 of the Dungeon.
You visited 1 branch of the dungeon, and saw 2 of its levels.

You collected 49 gold pieces.

Inventory:

Hand Weapons
 a - a +0 quarterstaff
 f - a +2 short sword of speed (weapon)
Missiles
 d - 3 throwing nets (quivered)
 e - a javelin
Armour
 b - a +0 leather armour (worn)
Scrolls
 g - a scroll of teleportation {unknown}
 i - a scroll of identify {unknown}
 j - a scroll of summoning {unknown}
Potions
 h - 2 potions of attraction {unknown}


   Skills:
 * Level 3.5 Fighting
 - Level 2.6 Staves
 - Level 1.7 Throwing
 - Level 2.6 Dodging


You had 2 spell levels left.
You didn't know any spells.
Your spell library was empty.

Dungeon Overview and Level Annotations

Branches:
Dungeon (2/15)

Altars:


Innate Abilities, Weirdness & Mutations

You have a pair of small antennae on your head.
You may rarely emit foul miasma when damaged in melee.


Message History

You feel sick. The adder closely misses you.
There is a stone staircase leading up here.
You feel sick. The adder misses you. The endoplasm freezes you.
You are frozen.
You climb upwards.
You feel sick.
There is a stone staircase leading down here.
You hit the adder.
The adder is heavily wounded.
You feel sick. The adder barely misses you. The endoplasm hits you.
You barely miss the adder.
The adder is heavily wounded.
You feel sick. The adder bites you.
You are more poisoned.
The adder poisons you!
You closely miss the adder.
The adder is heavily wounded.
You feel sick. The endoplasm barely misses you.
You barely miss the adder.
The adder is heavily wounded.
You feel sick. The adder misses you.
You closely miss the adder.
The adder is heavily wounded.
You feel sick.
The endoplasm hits you but does no damage.
The adder bites you but does no damage.
You hit the adder.
The adder is almost dead.
The adder bites you. The endoplasm hits you.
* * * LOW HITPOINT WARNING * * *
You closely miss the adder.
The adder is almost dead.
You feel sick. The adder misses you.
You closely miss the adder.
The adder is almost dead.
The endoplasm freezes you.
You are frozen.
* * * LOW HITPOINT WARNING * * *
The adder bites you.
You die...

....#.....#.##.###...###.........
....#.....#.##............#......
....#.....#.##............#.....#
....#.###.#.##...........##.....#
....#.#†#.#.##...........##......
....#.###.#..............##......
....#.....#......................
....#..<..#......................
....#.....#.....@J...............
###.#######.....S................
....# #......................
##### ####..........#........
#..........#........
#.##########........ #.#
#........ #.# #........ #.#
#........


You could see an adder and an endoplasm.

Vanquished Creatures
  A worm (D:1)
  A dart slug (D:1)
  2 bats (D:1)
  2 endoplasms (D:1)
  3 goblins (D:1)
  6 hobgoblins (D:1)
  2 quokkas (D:1)
  A ball python (D:1)
  A frilled lizard (D:1)
  A kobold (D:1)
  A rat (D:1)
21 creatures vanquished.

Notes
Turn   | Place    | Note
-------+----------+-------------------------------------------
     0 | D:1      | rageheart7 the Demonspawn Gladiator began the quest for the
                  | Orb.
     0 | D:1      | Reached XP level 1. HP: 16/16 MP: 1/1
    76 | D:1      | Found a faded altar of an unknown god.
   221 | D:1      | Gained mutation: You may rarely emit foul miasma when
                  | damaged in melee. [demonic ancestry]
   221 | D:1      | Reached XP level 2. HP: 23/23 MP: 2/2
   270 | D:1      | Reached skill level 3 in Fighting
   823 | D:1      | Gained mutation: You have a pair of small antennae on your
                  | head. [demonic ancestry]
   823 | D:1      | Reached XP level 3. HP: 27/29 MP: 3/3
   880 | D:1      | Slain by an adder

Illustrated notes

Levels and vault maps discovered:
D:1:      nicolae_arrival_memento_mori, layout_basic,
          hellmonk_ecumenical_altar_arch_garden, hangedman_glass_teeth
D:2:      layout_rooms, serial_shops, nicolae_shop_tiny_waterfront

Skill      XL: |  1  2 |
---------------+-------+-----
Fighting       | 3 |  3.5
Staves         | |  2.6
Throwing       | |  1.7
Dodging        | |  2.6

Action                     || total
---------------------------++-------
  Melee: Short sword       ||    89
   Stab: Distracted        ||     1
 Armour: Leather armour    ||    34
  Dodge: Dodged            ||    48

Table legend: (Time is in decaauts)
 A = Elapsed time spent in this place.
 B = Non-inter-level travel time spent in this place.
 C = Inter-level travel time spent in this place.
 D = Time resting spent in this place.
 E = Time spent auto-exploring this place.
 F = Levels seen in this place.
 G = Mean time per level.
                   A        B        C        D        E       F      G
               +--------+--------+--------+--------+--------+-----+--------+
         Total |    850 |    795 |     55 |      0 |    624 |   2 |  425.0 |
       Dungeon |    850 |    795 |     55 |      0 |    624 |   2 |  425.0 |
               +--------+--------+--------+--------+--------+-----+--------+

Top non-repeatable levels by time:
     D:1: 842 daAuts
     D:2: 8 daAuts
